 Dungeon Crawl Stone Soup version 0.17.1-1-g73c8601 (webtiles) character file.

57 Runnr the Grave Robber (level 3, 0/27 HPs)
             Began as a Demonspawn Necromancer on Dec 19, 2015.
             Succumbed to an adder's poison
             ... on level 2 of the Dungeon.
             The game lasted 00:04:20 (1476 turns).

Runnr the Grave Robber (Demonspawn Necromancer)     Turns: 1476, Time: 00:04:20

Health: 0/27       AC:  6    Str:  8    XL:     3   Next: 73%
Magic:  0/7        EV: 12    Int: 21    God:
Gold:   39         SH:  0    Dex: 14    Spells: 3 memorised, 2 levels left

rFire  . . .     SeeInvis .     (no weapon)
rCold  . . .     Clarity  .     a - +0 robe
rNeg   . . .     SustAt   .     (no shield)
rPois  .         Gourm    .     (no helmet)
rElec  .         Spirit   .     (no cloak)
rCorr  .         Warding  .     (no gloves)
rMut   .         Stasis   .     (no boots)
MR     .....                    (no amulet)
Stlth  ++........               (no ring)
                                (no ring)

@: brilliant, lethally poisoned (0 -> -4), not resistant to hostile
enchantments, unstealthy
A: iridescent scales 1, powered by pain 1
a: no special abilities


You were on level 2 of the Dungeon.
You were not hungry.

You visited 1 branch of the dungeon, and saw 2 of its levels.

You collected 39 gold pieces.

Inventory:

Armour
 a - a +0 robe (worn)
Scrolls
 d - a scroll of blinking {unknown}
 i - a scroll of random uselessness {unknown}
 k - a scroll of remove curse
Potions
 l - a potion of heal wounds {unknown}
Books
 b - a book of Necromancy

   Spells                             Type                      Level
   a - Pain                           Necromancy                   1
   b - Animate Skeleton               Necromancy                   1
   c - Vampiric Draining              Necromancy                   3
   d - Regeneration                   Charms/Necromancy            3
   e - Animate Dead                   Necromancy                   4
   f - Control Undead                 Necromancy                   4
Comestibles
 c - a bread ration
 f - a beef jerky
 j - a chunk of flesh


   Skills:
 + Level 1.8 Fighting
 - Level 1.7 Dodging
 - Level 1.7 Stealth
 + Level 2.9 Spellcasting
 + Level 4.8 Necromancy


You had 2 spell levels left.
You knew the following spells:

 Your Spells              Type           Power        Failure   Level  Hunger
a - Pain                  Necr           ####         1%          1    None
b - Animate Skeleton      Necr           N/A          1%          1    None
c - Vampiric Draining     Necr           #####.....   1%          3    ###....


Dungeon Overview and Level Annotations

Branches:
Dungeon (2/15)

Altars:


Innate Abilities, Weirdness & Mutations

You are partially covered in iridescent scales (AC +4).
You sometimes gain a little power by taking damage.


Message History

The adder barely misses you.
Read which item? (? for menu, Esc to quit)
As you read the scroll of teleportation, it crumbles to dust.
You feel strangely unstable. The adder bites you but does no damage.
The worm completely misses you. The adder bites you.
You are poisoned.
The adder poisons you!
You feel sick. The adder bites you but does no damage.
The adder bites you but does no damage. The worm bites you!
* * * LOW HITPOINT WARNING * * *
Your surroundings suddenly seem different.
A hobgoblin comes into view. It is wielding a club.
There is a lethal amount of poison in your body!
Drink which item? (? for menu, Esc to quit)
It was a potion of cancellation.
You feel magically purged.
Drink which item? (? for menu, Esc to quit)
It was a potion of brilliance.
You feel clever all of a sudden.
You die...

.. ##.# ## #..... #.g#.
.. .## .... #..... . #
#.. ##........####.#.#
...#.#.#.......@# ###
##.##.#.######.##.......#
...##.#.## # ..#.##.#
#........# .##.##.####
.........####.
.##....<..#
...##.........
..#####.##.#
...##....####
........##.# ##.##.####
..####.s...# ...##.#
#.###.#


You could see a hobgoblin (sleeping).

Vanquished Creatures
  2 adders (D:2)
  A worm (D:2)
  4 giant geckos (D:1)
  5 giant cockroaches
  4 goblins
  4 hobgoblins (D:1)
  5 kobolds
  3 bats (D:1)
  2 giant newts
  3 rats (D:1)
33 creatures vanquished.

Notes
Turn   | Place    | Note
--------------------------------------------------------------
     0 | D:1      | Runnr the Demonspawn Necromancer began the quest for the Orb.
     0 | D:1      | Reached XP level 1. HP: 13/13 MP: 3/3
    60 | D:1      | Reached skill level 1 in Fighting
   355 | D:1      | Gained mutation: You sometimes gain a little power by taking damage. [demonic ancestry]
   355 | D:1      | Reached XP level 2. HP: 21/21 MP: 1/5
   870 | D:1      | Gained mutation: You are partially covered in iridescent scales (AC +4). [demonic ancestry]
   870 | D:1      | Reached XP level 3. HP: 24/26 MP: 4/6
  1429 | D:2      | Learned a level 1 spell: Animate Skeleton
  1433 | D:2      | Learned a level 3 spell: Vampiric Draining
  1473 | D:2      | HP: 1/27 [worm (9)]
  1476 | D:2      | Succumbed to an adder's poison

Action                   || total
-------------------------++-------
Melee: Unarmed           ||    10
       Dagger            ||     5
 Cast: Pain              ||    67
  Use: Scroll            ||     3
       Potion            ||     2
  Eat: Chunk             ||     2
